 Dungeon Crawl Stone Soup version 0.18-a0-1521-g59d19af (webtiles) character file.

441 GrosslyIncandescent the Skirmisher (level 6, -2/51 HPs)
             Began as a Mummy Monk on Mar 7, 2016.
             Slain by an adder (4 damage)
             ... on level 4 of the Dungeon.
             The game lasted 00:07:42 (6868 turns).

GrosslyIncandescent the Skirmisher (Mummy Monk)     Turns: 6868, Time: 00:07:42

Health: -2/51      AC:  0    Str: 15    XL:     6   Next: 71%
Magic:  6/6        EV: 14    Int:  9    God:
Gold:   201        SH:  0    Dex: 20    Spells: 0 memorised, 5 levels left

rFire  . . .     SeeInvis .       - Unarmed
rCold  + . .     Gourm    .     (no armour)
rNeg   + + +     Faith    .     (no shield)
rPois  ∞         Spirit   .     (no helmet)
rElec  .         Dismiss  .     (no cloak)
rCorr  .         Reflect  .     (no gloves)
SustAt .         Harm     .     (no boots)
MR     .....                    (no amulet)
Stlth  ++........               l - ring of protection from fire
                                c - +4 ring of dexterity

@: not resistant to hostile enchantments, unstealthy
A: no food or potions, fire vulnerability, cold resistance 1, negative energy
resistance 3, torment resistance, unbreathing
a: no special abilities


You were on level 4 of the Dungeon.
You were not hungry.

You visited 1 branch of the dungeon, and saw 7 of its levels.

You collected 201 gold pieces.


Innate Abilities, Weirdness & Mutations

You do not eat or drink.
Your flesh is vulnerable to fire.
You are immune to poison.
Your flesh is cold resistant.
You are immune to negative energy.
You are immune to unholy pain and torment.
You can survive without breathing.


   Skills:
 - Level 5.1 Fighting
 + Level 3.6 Dodging
 - Level 1.5 Stealth
 - Level 5.0 Unarmed Combat


You had 5 spell levels left.
You didn't know any spells.

Inventory:

Missiles
 i - 4 curare-tipped needles (quivered) {=f}
Jewellery
 c - a +4 ring of dexterity (left hand)
 d - a +5 ring of intelligence {Ring of 0tab}
 l - a ring of protection from fire (right hand)
Scrolls
 a - 5 scrolls of remove curse
 b - 4 scrolls of magic mapping
 e - a scroll of amnesia
 f - a scroll of recharging
 g - a scroll of immolation {!r}
 h - a scroll of fog
 j - a scroll of identify {@r1}
 k - a scroll of noise {unknown}

Dungeon Overview and Level Annotations

Branches:
Dungeon (7/15)
 Temple: D:4-7

Altars:
Elyvilon
Kikubaaqudgha
Ru

Annotations:
D:5 Dowan, Duvessa

▒▒▒▒▒▒▒ ▒▒▒▒▒▒▒.....▒
▒.(.(.......▒ ▒((.(>......▒
▒...:.......▒ ▒((.........▒
▒▒▒▒▒▒▒▒▒▒▒▒(.(....((..▒
▒▒▒▒▒▒▒▒▒.......MS.............▒
.......†..▒▒▒▒▒▒▒▒▒▒(..........▒
▒▒▒▒▒▒▒......▒ ▒...........▒
▒..▒▒▒▒....▒ ▒▒▒▒(..▒▒▒▒.▒ ▒.▒▒
▒▒.▒ ▒....▒ .▒ ▒▒▒▒▒▒.▒ .▒▒▒..▒
.▒ .......▒ ▒. .... ▒▒▒▒▒▒▒▒ ▒▒
▒.▒. .▒▒▒▒ ....


You could see an adder.


Message History

* * * don't die
* * * You bump into the rock wall!
Something hits you! * * * don't die
* * * You bump into the rock wall!
You feel less confused! Something hits you! * * * don't die
* * * You squash something like an ant!
Something barely misses you!
You pummel something like a punching bag!
Something hits you! * * * don't die
* * * You barely miss something!
Something hits you! * * * don't die
* * * You barely miss something!
Something hits you! * * * don't die
* * * You miss something!
You hear some strange, mumbled words!
A puff of flame appears from out of thin air!!!
The puff of flame misses you!
You closely miss something! Something completely misses you!
You closely miss something! Something hits you but does no damage!
You squash something like an ant!
Something hits you! * * * don't die
* * * You pulverise something!
Reactivating autopickup!
You feel a bit more experienced!
You completely miss the adder! The adder bites you! * * * don't die
* * * You miss the adder!
The adder bites you! rip

Action                   |  1- 3 |  4- 6 || total
-------------------------+-------+-------++-------
Melee: Unarmed           |   136 |   276 ||   412
  Use: Scroll            |       |     6 ||     6
 Stab: Sleeping          |     3 |     4 ||     7
       Distracted        |     1 |       ||     1

Vault maps used:
D:1:      dpeg_arrival_connections, serial_curves, eino_curves_02,
          eino_curves_01, minmay_misc_feat_pillars
D:2:      amethyst_overflow_temple_binary
D:3:      nicolae_ru_sacrificial_ziggurat
D:5:      minmay_overflow_temple_star_hex, first_bread, roderic_lattice_a,
          uniq_duvessa
D:6:      minitemple, uniq_blork_the_orc
D:7:      minmay_temple_entry_from_below_a

Notes
Turn   | Place    | Note
--------------------------------------------------------------
     0 | D:1      | GrosslyIncandescent the Mummy Monk began the quest for the Orb.
     0 | D:1      | Reached XP level 1. HP: 18/18 MP: 1/1
   492 | D:1      | Reached XP level 2. HP: 21/24 MP: 2/2
  1332 | D:2      | Reached skill level 4 in Unarmed Combat
  1332 | D:2      | Reached XP level 3. HP: 10/29 MP: 3/3
  2122 | D:2      | Found a white marble altar of Elyvilon.
  2122 | D:2      | Found an ancient bone altar of Kikubaaqudgha.
  2675 | D:3      | Reached XP level 4. HP: 27/35 MP: 4/4
  3026 | D:3      | Reached skill level 5 in Unarmed Combat
  3080 | D:3      | Found a sacrificial altar of Ru.
  3760 | D:3      | Reached XP level 5. HP: 21/41 MP: 5/5
  4182 | D:3      | Found a sacrificial altar of Ru.
  4478 | D:4      | Reached skill level 4 in Fighting
  5090 | D:3      | HP: 3/42 [something/magic dart (6)]
  5095 | D:4      | HP: 1/42 [something (3)]
  5098 | D:4      | You fall through a shaft for 3 floors!
  5591 | D:5      | Entered Level 5 of the Dungeon
  5591 | D:5      | Noticed Duvessa
  5591 | D:5      | Noticed Dowan
  5862 | D:5      | Reached skill level 5 in Fighting
  5862 | D:5      | Reached XP level 6. HP: 37/51 MP: 6/6
  6254 | D:4      | Reached skill level 3 in Dodging
  6867 | D:4      | HP: 2/51 [adder (4)]
  6868 | D:4      | Slain by an adder

Vanquished Creatures
  2 crimson imps
  3 hounds
  An orc wizard (D:4)
  A worker ant (D:6)
  A hound zombie (D:5)
  A worker ant zombie (D:3)
  4 gnolls
  6 adders
  A shadow imp (D:6)
  An ooze (D:3)
  An adder zombie (D:5)
  3 worms
  2 dart slugs (D:2)
  5 giant geckos
  3 orcs
  2 ball pythons
  10 giant cockroaches
  9 goblins
  3 hobgoblins (D:2)
  7 jackals (D:3)
  A quokka (D:3)
  5 bats
  2 giant newts (D:1)
  6 kobolds
  2 rats
82 creatures vanquished.
